[Event "Titled Tuesday Blitz April 18 Early 2023"]
[White "Jimenez Jimenez, Leandro"]
[Black "Lenaerts, Lennert"]
[WhiteFideId "6415253"]
[BlackFideId "211435"]
[WhiteElo "2263"]
[BlackElo "2334"]
[Result "1-0"]
[Round "07"]
[TimeControl "180+2"]
[Date "2023.04.18"]
[WhiteClock "0:00:09"]
[BlackClock "0:02:02"]

1. d4 d5 2. c4 c6 3. cxd5 cxd5 4. Nc3 Nf6 5. Nf3 Nc6 6. Bf4 Nh5 7. Bd2 Nf6 8. Bf4 Nh5 9. Bd2 e6 10. e3 Nf6 11. Bd3 Bd6 12. O-O O-O 13. a3 e5 14. dxe5 Nxe5 15. Nxe5 Bxe5 16. Na4 Bxh2+ 17. Kxh2 Ng4+ 18. Kg3 Qg5 19. f4 Qf6 20. Qf3 h5 21. Rh1 g6 22. Nc3 Be6 23. f5 gxf5 24. Rxh5 Qg6 25. Bxf5 Qxh5 26. Qxg4+ Qxg4+ 27. Kxg4 Kg7 28. Ne2 Kf6 29. Bc3+ Ke7 30. Kf4 Rg8 31. g4 Rac8 32. Nd4 a6 33. Nf3 Rc4+ 34. Bd4 Bxf5 35. gxf5 Rc2 36. Rh1 Rcg2 37. Rh7 Kd6 38. Be5+ Kc5 39. Rh4 Kc4 40. Nd4 Kd3 41. f6 Rf2+ 42. Nf3 Ke2 43. Rh3 Rg1 44. Bd4 Rgf1 45. Ke5 Rxf3 46. Rxf3 Rxf3 47. Kxd5 Kd3 48. Kd6 Rh3 49. Ke7 Rh7 50. Kf8 1-0


[Site "https://www.chess.com"]

[Event "Titled Tuesday Blitz April 18 Early 2023"]
[White "Moksh Amit Doshi"]
[Black "Mrudul Dehankar"]
[WhiteFideId "25064967"]
[BlackFideId "25096990"]
[WhiteElo "2297"]
[BlackElo "2139"]
[Result "1-0"]
[Round "07"]
[TimeControl "180+2"]
[Date "2023.04.18"]
[WhiteClock "0:00:18"]
[BlackClock "0:00:01"]

1. Nf3 Nf6 2. c4 e6 3. Nc3 b6 4. g3 Bb7 5. Bg2 Be7 6. O-O O-O 7. d4 Bb4 8. Qc2 Bxc3 9. Qxc3 d6 10. b4 Nbd7 11. Bb2 a5 12. a3 Qe7 13. Rfe1 Rfe8 14. Qd3 e5 15. dxe5 dxe5 16. Qb3 h6 17. Nxe5 Bxg2 18. Nxd7 Qxd7 19. Kxg2 Ne4 20. Rad1 Qe6 21. Qc2 axb4 22. axb4 Nd6 23. c5 Nc4 24. Bd4 Ra2 25. Qc3 Rxe2 26. Rxe2 Qxe2 27. Rc1 b5 28. Bxg7 Ne3+ 29. Kg1 Nd1 30. Qd4 Qe1+ 31. Kg2 Ne3+ 32. fxe3 Qxc1 33. Bxh6 Qc2+ 34. Kg1 Qb1+ 35. Kf2 Qc2+ 36. Kf3 Qf5+ 37. Kg2 Qe4+ 38. Kf2 Qf5+ 39. Bf4 Qc2+ 40. Kf3 Qf5 41. g4 Qh7 42. Kg3 Qh3+ 43. Kxh3 1-0


[Site "https://www.chess.com"]

[Event "Titled Tuesday Blitz April 18 Early 2023"]
[White "arpita_chess"]
[Black "Andrews, Todd"]
[BlackFideId "2012456"]
[WhiteElo "2559"]
[BlackElo "2431"]
[Result "1-0"]
[Round "07"]
[TimeControl "180+2"]
[Date "2023.04.18"]
[WhiteClock "0:00:43"]
[BlackClock "0:00:03"]

1. e4 e6 2. d4 d5 3. Nd2 Nc6 4. Ngf3 Nf6 5. e5 Nd7 6. Bb5 a6 7. Bxc6 bxc6 8. Nb3 a5 9. O-O a4 10. Nbd2 Ba6 11. Re1 c5 12. c3 a3 13. b3 cxd4 14. Nxd4 c5 15. Nc2 Qa5 16. Qf3 Qc7 17. Qg3 g6 18. Bxa3 Bg7 19. f4 O-O 20. Bb2 Rae8 21. Ne3 f6 22. exf6 Nxf6 23. Qf3 Nh5 24. g3 Bb7 25. Ng4 d4 26. Ne4 Nxf4 27. gxf4 Qxf4 28. Nef6+ Rxf6 29. Nxf6+ Qxf6 30. Qxb7 dxc3 31. Ba3 Qd4+ 32. Kh1 c2 33. Rac1 Qd3 34. Qe4 Qh3 35. Rxc2 Bd4 36. Bxc5 Bg7 37. Qg2 Qh4 38. Bf2 Qh5 39. Bg3 e5 40. Qd5+ Kh8 41. Rf2 h6 42. Qf3 e4 43. Qxh5 gxh5 44. Rfe2 e3 45. Rxe3 1-0


[Site "https://www.chess.com"]

[Event "Titled Tuesday Blitz April 18 Early 2023"]
[White "Han, Yichen"]
[Black "Girsh, Daniel"]
[WhiteFideId "1054430"]
[BlackFideId "30949190"]
[WhiteElo "2342"]
[BlackElo "2075"]
[Result "1-0"]
[Round "07"]
[TimeControl "180+2"]
[Date "2023.04.18"]
[WhiteClock "0:00:08"]
[BlackClock "0:00:16"]

1. d4 Nf6 2. c4 g6 3. Nc3 d5 4. e3 Bg7 5. Nf3 O-O 6. Bd2 c5 7. dxc5 Na6 8. cxd5 Nxc5 9. Bc4 Bf5 10. O-O Bd3 11. Bxd3 Nxd3 12. Qc2 Nb4 13. Qb3 Nfxd5 14. e4 Nxc3 15. Bxc3 Bxc3 16. bxc3 Na6 17. Qxb7 Nc5 18. Qb4 Qc7 19. Rad1 Rac8 20. Rd5 e6 21. Rd2 Na6 22. Qa3 Nc5 23. Re1 Rfd8 24. Rd4 Nd7 25. Red1 Nf6 26. h3 Rxd4 27. Rxd4 e5 28. Ra4 Qxc3 29. Qxc3 Rxc3 30. Rxa7 Nxe4 31. Nxe5 Rc1+ 32. Kh2 Nxf2 33. Nxf7 Rh1+ 34. Kg3 Ne4+ 35. Kf4 Nc5 36. Nh6+ Kh8 37. Ng4 Rf1+ 38. Ke3 Ne6 39. a4 h5 40. Nh6 Re1+ 41. Kf2 Re4 42. Nf7+ Kg8 43. Nd6 Rd4 44. Nc8 Nc5 45. Ne7+ Kf7 46. Nf5+ Kf6 47. Nxd4 Ne4+ 48. Ke3 Ng5 49. Ra6+ Ke5 50. Nf3+ Nxf3 51. gxf3 g5 52. Ra5+ Kf6 53. Rb5 g4 54. fxg4 h4 55. a5 Ke6 56. a6 Kd6 57. a7 Kc6 58. Rf5 Kd6 59. a8=Q Ke6 60. Qa6+ 1-0


[Site "https://www.chess.com"]

[Event "Titled Tuesday Blitz April 18 Early 2023"]
[White "Vivas Zamora, Fabian Ernesto"]
[Black "Al-Tarboush, Ward"]
[WhiteFideId "3902480"]
[BlackFideId "7601450"]
[WhiteElo "2262"]
[BlackElo "2265"]
[Result "1-0"]
[Round "07"]
[TimeControl "180+2"]
[Date "2023.04.18"]
[WhiteClock "0:00:03"]
[BlackClock "0:00:49"]

1. e4 c5 2. Nf3 Nc6 3. d4 cxd4 4. Nxd4 Nf6 5. Nc3 e5 6. Ndb5 d6 7. Bg5 a6 8. Na3 b5 9. Bxf6 gxf6 10. Nd5 f5 11. g3 fxe4 12. Bg2 Be6 13. Bxe4 Rc8 14. Qh5 Bg7 15. O-O Ne7 16. Nxe7 Qxe7 17. Rad1 h6 18. c3 O-O 19. g4 Rcd8 20. Bd5 Qg5 21. Qxg5 hxg5 22. f3 Bxd5 23. Rxd5 f5 24. Nc2 fxg4 25. fxg4 Rf4 26. Ne3 Re4 27. Rf3 Rf8 28. Rxf8+ Bxf8 29. Kf2 Rf4+ 30. Ke2 Kf7 31. b3 Ke6 32. c4 bxc4 33. bxc4 Be7 34. Ra5 Rf8 35. Rxa6 Rb8 36. Kf3 Rb2 37. h3 Rh2 38. c5 Rxh3+ 39. Ke4 Kd7 40. c6+ Ke6 41. Nd5 Rh8 42. Nxe7 Kxe7 43. Kd5 Rb8 44. Ra7+ Kf6 45. c7 Rb5+ 46. Kxd6 Rb6+ 47. Kd7 1-0


[Site "https://www.chess.com"]

[Event "Titled Tuesday Blitz April 18 Early 2023"]
[White "Bruedigam, Martin"]
[Black "kuanysh1981"]
[WhiteFideId "24608033"]
[WhiteElo "2331"]
[BlackElo "2416"]
[Result "1-0"]
[Round "07"]
[TimeControl "180+2"]
[Date "2023.04.18"]
[WhiteClock "0:00:54"]
[BlackClock "0:00:43"]

1. d4 Nf6 2. c4 e6 3. Nc3 Bb4 4. Bd2 O-O 5. e3 c5 6. Bd3 cxd4 7. exd4 d5 8. Nge2 dxc4 9. Bxc4 Nc6 10. Bg5 a6 11. a3 Be7 12. O-O b5 13. Bd3 Bb7 14. Rc1 Na5 15. Bb1 Rc8 16. Ng3 g6 17. h4 Qd7 18. h5 Nc4 19. Qe2 Rfd8 20. Rfd1 Nd5 21. Bh6 Nxc3 22. Rxc3 Bf6 23. hxg6 hxg6 24. Nh5 Bh8 25. Rg3 Kh7 26. Bg5 Qd5 27. Nf6+ Bxf6 28. Bxf6 1-0


[Site "https://www.chess.com"]

[Event "Titled Tuesday Blitz April 18 Early 2023"]
[White "Tomaszewski, Kacper"]
[Black "Koutsin, Sergey"]
[WhiteFideId "1127373"]
[BlackFideId "14101483"]
[WhiteElo "2211"]
[BlackElo "2381"]
[Result "1-0"]
[Round "07"]
[TimeControl "180+2"]
[Date "2023.04.18"]
[WhiteClock "0:00:34"]
[BlackClock "0:00:01"]

1. e4 e6 2. Nf3 d5 3. e5 c5 4. c3 Nc6 5. Na3 Nge7 6. Nc2 Ng6 7. d4 f6 8. exf6 Qxf6 9. Bg5 Qf7 10. Bb5 Bd6 11. dxc5 Bxc5 12. O-O O-O 13. c4 a6 14. cxd5 exd5 15. Be2 Bf5 16. Ne3 Be6 17. Rc1 Bd6 18. Nc2 h6 19. Be3 Nf4 20. Bxf4 Bxf4 21. Ra1 Qf6 22. Ncd4 Nxd4 23. Qxd4 Rac8 24. Qxf6 Rxf6 25. Bd3 Bf7 26. Rfe1 Kf8 27. Nd4 g6 28. g3 Bb8 29. Rac1 Rd8 30. Kg2 Ba7 31. Nf3 g5 32. h3 d4 33. Be4 1-0


[Site "https://www.chess.com"]

[Event "Titled Tuesday Blitz April 18 Early 2023"]
[White "Davidson, Kevin"]
[Black "Reprintsev, Alexander"]
[WhiteFideId "2056810"]
[BlackFideId "14100541"]
[WhiteElo "2151"]
[BlackElo "2211"]
[Result "0-1"]
[Round "07"]
[TimeControl "180+2"]
[Date "2023.04.18"]
[WhiteClock "0:00:02"]
[BlackClock "0:00:15"]

1. e4 d5 2. exd5 Qxd5 3. Nc3 Qa5 4. Bc4 Nf6 5. d3 Bg4 6. f3 Be6 7. Bxe6 fxe6 8. Qe2 Nc6 9. Be3 Nd5 10. Bd2 Nd4 11. Qd1 Nb4 12. Rc1 O-O-O 13. Nge2 Ndxc2+ 14. Rxc2 Nxd3+ 15. Kf1 Qb6 16. Ne4 g6 17. Bc3 e5 18. Rd2 Qb5 19. Nf2 Bh6 20. Rxd3 e4 21. fxe4 Rhf8 22. Rxd8+ Rxd8 23. Qb3 Qa6 24. a4 Bd2 25. Qb5 Qe6 26. Nd4 Qa2 27. Bxd2 Rxd4 28. Be1 c6 29. Qa5 Qc4+ 30. Kg1 b6 31. Qc3 Qxa4 32. h4 Rc4 33. Qe3 Qc2 34. Rh3 Qxb2 35. Rf3 Kb7 36. Rf7 Qe5 37. Qf3 a5 38. Ng4 Qe6 39. Bg3 Rxe4 40. Rxh7 a4 41. Qf7 Qxf7 42. Rxf7 Rxg4 43. Rxe7+ Ka6 44. Bf2 a3 45. Re8 Kb5 46. Ra8 Ra4 47. Rxa4 Kxa4 48. Bd4 c5 49. Be5 b5 50. g4 b4 51. h5 gxh5 52. gxh5 b3 53. h6 b2 54. h7 b1=Q+ 55. Kg2 Qxh7 0-1


[Site "https://www.chess.com"]

[Event "Titled Tuesday Blitz April 18 Early 2023"]
[White "Krsnik Cohar, Ivan Vihor"]
[Black "Mika, Tomasz"]
[WhiteFideId "14520044"]
[BlackFideId "1132970"]
[WhiteElo "2414"]
[BlackElo "2179"]
[Result "1-0"]
[Round "07"]
[TimeControl "180+2"]
[Date "2023.04.18"]
[WhiteClock "0:00:46"]
[BlackClock "0:00:48"]

1. e4 c6 2. Nf3 d5 3. exd5 cxd5 4. d4 Nc6 5. c4 Nf6 6. Nc3 Bg4 7. cxd5 Nxd5 8. Bb5 e6 9. h3 Bxf3 10. Qxf3 Be7 11. O-O O-O 12. Bxc6 bxc6 13. Na4 Rb8 14. b3 Qa5 15. Bb2 Rfd8 16. Rfc1 Rbc8 17. Rc4 Qd2 18. Rd1 Qf4 19. Qxf4 Nxf4 20. h4 Nd3 21. Rxd3 1-0


[Site "https://www.chess.com"]

[Event "Titled Tuesday Blitz April 18 Early 2023"]
[White "Horak, Martin"]
[Black "Pavlidou, Ekaterini"]
[WhiteFideId "367095"]
[BlackFideId "4213262"]
[WhiteElo "2091"]
[BlackElo "2126"]
[Result "0-1"]
[Round "07"]
[TimeControl "180+2"]
[Date "2023.04.18"]
[WhiteClock "0:00:01"]
[BlackClock "0:00:19"]

1. d4 Nf6 2. Nf3 e6 3. c4 b6 4. g3 Ba6 5. Qc2 c6 6. Bg2 d5 7. Nbd2 Bb4 8. O-O Bxd2 9. Nxd2 O-O 10. Rd1 Nbd7 11. e4 Rc8 12. Qa4 Nb8 13. e5 Nfd7 14. b3 b5 15. Qa3 bxc4 16. bxc4 dxc4 17. Ne4 Nb6 18. Nc5 Bb5 19. Be3 N8d7 20. Qb4 Nd5 21. Qe1 Nxc5 22. dxc5 a5 23. Bd4 Qc7 24. f4 Rfd8 25. Be4 Ne7 26. Bc3 Rd3 27. Bxd3 cxd3 28. Bxa5 Qa7 29. Bb6 Qa3 30. Rd2 Nd5 31. Qc1 Qb4 32. Rb1 Qd4+ 33. Kh1 Bc4 34. Qg1 Ne3 35. h4 Bd5+ 36. Kh2 h5 37. Re1 Ng4+ 38. Kh3 Qb4 39. Red1 Be4 40. Rxd3 Bxd3 41. Rxd3 Qe4 42. Rd2 Kh7 43. a4 Qf5 44. Kg2 Qe4+ 45. Kh3 Ne3 46. Re2 Qf5+ 47. Kh2 Ng4+ 48. Kh1 Qd3 49. Qe1 Qf3+ 50. Kg1 Qd3 51. Qf1 Qd4+ 52. Kh1 Qxa4 53. Qg2 Qd1+ 54. Qg1 Qxe2 0-1


[Site "https://www.chess.com"]

[Event "Titled Tuesday Blitz April 18 Early 2023"]
[White "Bilan, Danila"]
[Black "Skaric, Djuro"]
[WhiteFideId "24161918"]
[BlackFideId "934569"]
[WhiteElo "2182"]
[BlackElo "2282"]
[Result "1-0"]
[Round "07"]
[TimeControl "180+2"]
[Date "2023.04.18"]
[WhiteClock "0:00:07"]
[BlackClock "0:01:04"]

1. d4 d6 2. Nf3 g6 3. Bg5 Bg7 4. c3 Nf6 5. Nbd2 O-O 6. e4 Nc6 7. Qc2 h6 8. Bh4 Nd7 9. Bc4 g5 10. Bg3 e5 11. dxe5 Ndxe5 12. Be2 Qe7 13. O-O Be6 14. Rfe1 Kh8 15. Nd4 Bd7 16. Nf1 Nxd4 17. cxd4 Nc6 18. d5 Ne5 19. Ne3 Rac8 20. Rad1 a6 21. b3 Qf6 22. Bxe5 Qxe5 23. Bg4 Rfd8 24. Bxd7 Rxd7 25. Nf5 Bf8 26. Qe2 Re8 27. Qg4 Rdd8 28. Rc1 Rc8 29. Qh5 Qf6 30. g3 Kh7 31. Rc4 Qg6 32. Qf3 Re5 33. Rec1 Rce8 34. Kg2 g4 35. Qf4 h5 36. h3 Bh6 37. Nxh6 Qxh6 38. Qxf7+ Qg7 39. Qxg7+ Kxg7 40. Rxc7+ R8e7 41. Rxe7+ Rxe7 42. Rc4 Kf6 43. f3 gxf3+ 44. Kxf3 Ke5 45. Rc8 Rf7+ 46. Ke3 Rf1 47. Re8+ Kf6 48. Rf8+ 1-0


[Site "https://www.chess.com"]

[Event "Titled Tuesday Blitz April 18 Early 2023"]
[White "Osinenko, Anton"]
[Black "Balint, Vilmos"]
[WhiteFideId "4158970"]
[BlackFideId "718050"]
[WhiteElo "2294"]
[BlackElo "2034"]
[Result "1-0"]
[Round "07"]
[TimeControl "180+2"]
[Date "2023.04.18"]
[WhiteClock "0:00:36"]
[BlackClock "0:00:19"]

1. e4 e5 2. Nf3 Nc6 3. c3 Nf6 4. d4 Nxe4 5. d5 Ne7 6. Nxe5 Nf6 7. Bc4 d6 8. Bb5+ Bd7 9. Nxd7 Nxd7 10. O-O a6 11. Ba4 Ng6 12. Qd4 b5 13. Bc2 Qf6 14. Qg4 Be7 15. f4 Nc5 16. Be3 O-O 17. Bd4 Qh4 18. Qf3 Bf6 19. g3 Qh3 20. Bxf6 gxf6 21. Nd2 Rfe8 22. b4 Nd7 23. Rae1 Kf8 24. a4 Rxe1 25. Rxe1 Re8 26. Rxe8+ Kxe8 27. axb5 axb5 28. Bd3 Kd8 29. Bxb5 Nb6 30. Qe2 Ne7 31. Nf3 Qf5 32. c4 Qb1+ 33. Qe1 Qb3 34. Qe4 f5 35. Qd4 Kc8 36. Qh8+ Kb7 37. Nd4 Qxb4 38. Bc6+ Nxc6 39. Nxc6 Qc5+ 40. Kg2 Qxc4 41. Qb8+ Ka6 42. Qa7+ Kb5 43. Qa5# 1-0


[Site "https://www.chess.com"]

[Event "Titled Tuesday Blitz April 18 Early 2023"]
[White "chessjazda"]
[Black "Cnejev, Vladimir-Alexandru"]
[BlackFideId "1260898"]
[WhiteElo "2336"]
[BlackElo "2132"]
[Result "0-1"]
[Round "07"]
[TimeControl "180+2"]
[Date "2023.04.18"]
[WhiteClock "0:00:03"]
[BlackClock "0:00:07"]

1. e4 g6 2. Nc3 Bg7 3. g3 d6 4. Bg2 c5 5. Nge2 Nc6 6. O-O e6 7. d3 Nge7 8. Be3 O-O 9. Qd2 Rb8 10. Rae1 b5 11. Bh6 b4 12. Nd1 Qa5 13. Bxg7 Kxg7 14. b3 Qxa2 15. Ne3 Qa5 16. h4 h5 17. g4 hxg4 18. Nxg4 Rh8 19. Qf4 Qd8 20. e5 Nd5 21. Bxd5 exd5 22. Qf6+ Kg8 23. Qxd8+ Nxd8 24. Nf6+ Kg7 25. Nxd5 dxe5 26. Ng3 Be6 27. Nc7 f6 28. Re3 Rb7 29. Nxe6+ Nxe6 30. Ne4 Rxh4 31. Rfe1 Rc7 32. Rg3 f5 33. Nd2 Kf6 34. Nc4 e4 35. dxe4 Rxe4 36. Rd1 Nd4 37. Nd6 Re6 38. Nc4 Ne2+ 39. Kg2 Nxg3 40. fxg3 Rce7 41. Kh3 Re2 42. Rd6+ R7e6 43. Rd7 Rxc2 44. Rxa7 Kg5 45. Rd7 Re8 46. Rh7 Re1 47. g4 Rh1+ 48. Kg3 f4+ 49. Kf3 Rxh7 50. Ne5 Rh3+ 51. Ke4 Re3+ 52. Kd5 Rd2+ 53. Kc4 Rxe5 54. Kb5 f3 55. Kc4 f2 56. Kb5 f1=Q+ 57. Ka4 Qa6# 0-1


[Site "https://www.chess.com"]

[Event "Titled Tuesday Blitz April 18 Early 2023"]
[White "Camacho Collados, Jose"]
[Black "Mikhaylova, Irina"]
[WhiteFideId "2265427"]
[BlackFideId "4109040"]
[WhiteElo "2198"]
[BlackElo "1975"]
[Result "1-0"]
[Round "07"]
[TimeControl "180+2"]
[Date "2023.04.18"]
[WhiteClock "0:00:41"]
[BlackClock "0:00:13"]

1. d4 Nf6 2. c4 g6 3. Nc3 d5 4. cxd5 Nxd5 5. e4 Nxc3 6. bxc3 Bg7 7. Bc4 O-O 8. Ne2 c5 9. O-O Nc6 10. Be3 Bd7 11. Rb1 a6 12. dxc5 Qc7 13. Bf4 Ne5 14. Bd5 Bc6 15. Bxc6 Qxc6 16. Qd5 Rac8 17. Rxb7 Qxd5 18. exd5 Rxc5 19. Rd1 Re8 20. h3 Nc4 21. Rc7 Rxc7 22. Bxc7 Rc8 23. Bg3 Na3 24. d6 exd6 25. Rxd6 Nb5 26. Rxa6 Nxc3 27. Nxc3 Bxc3 28. a4 Kg7 29. Kf1 Bd4 30. a5 Rc2 31. Rd6 Bf6 32. a6 Ra2 33. Bf4 g5 34. Be3 Be5 35. Rb6 Bf4 36. Bd4+ Kf8 37. g3 Bc7 38. Rc6 Ra4 39. Rxc7 Rxd4 40. a7 Ra4 41. Rc8+ Kg7 42. a8=Q Rxa8 43. Rxa8 1-0


[Site "https://www.chess.com"]

[Event "Titled Tuesday Blitz April 18 Early 2023"]
[White "Novikova, Galina"]
[Black "Sowul, Bartosz"]
[WhiteFideId "4157095"]
[BlackFideId "1137590"]
[WhiteElo "1953"]
[BlackElo "2188"]
[Result "1-0"]
[Round "07"]
[TimeControl "180+2"]
[Date "2023.04.18"]
[WhiteClock "0:00:05"]
[BlackClock "0:00:29"]

1. e4 c5 2. Nf3 d6 3. d4 cxd4 4. Nxd4 Nf6 5. Nc3 Nc6 6. h3 e5 7. Nde2 Be6 8. g4 d5 9. Bg2 d4 10. Nb1 h5 11. g5 Nd7 12. h4 g6 13. O-O Qb6 14. Nd2 Be7 15. a4 a6 16. b3 O-O-O 17. Nc4 Bxc4 18. bxc4 Bb4 19. Ba3 a5 20. Nc1 Qc5 21. Bxb4 Nxb4 22. Nd3 Nxd3 23. cxd3 Nb8 24. Rb1 Nc6 25. Rb5 Qa3 26. Qb1 Qxa4 27. Rxb7 Nb4 28. Rb5 Rhe8 29. f4 Re7 30. fxe5 Kd7 31. e6+ fxe6 32. Rf6 Qc2 33. Rxb4 Qd2 34. Rb7+ Ke8 35. Qb5+ Red7 36. Rxd7 Qe1+ 37. Rf1 Qe3+ 38. Kh1 Rxd7 39. Qb8+ Ke7 40. Qf4 Qxf4 41. Rxf4 a4 42. Rf1 Rb7 43. Ra1 Rb3 44. Rxa4 Rxd3 45. c5 Rc3 46. Rxd4 Rxc5 47. Kh2 Rc3 48. Ra4 Re3 49. Ra7+ Kd6 50. Rg7 Ke5 51. Rxg6 Kf4 52. Rxe6 Kg4 53. g6 Kxh4 54. g7 Rg3 55. Re7 Rxg7 56. Re5 Rg6 57. Re8 Rg8 58. Re5 Rg7 59. Ra5 Kg4 60. e5 Kf5 61. Bh3+ Kg5 62. e6+ Kf6 63. Rxh5 Ke7 64. Rd5 Rg6 65. Rd7+ Ke8 66. Ra7 Rf6 67. Kg3 Rf1 68. Bxf1 Kd8 69. Kf4 Ke8 70. Ke5 Kf8 71. Kf6 Kg8 72. Ra8+ Kh7 73. e7 Kh6 74. Rh8# 1-0


[Site "https://www.chess.com"]

[Event "Titled Tuesday Blitz April 18 Early 2023"]
[White "Gheorghiu, Calin"]
[Black "Ljukin, Sergei"]
[WhiteFideId "1200305"]
[BlackFideId "14102200"]
[WhiteElo "2223"]
[BlackElo "2312"]
[Result "1-0"]
[Round "07"]
[TimeControl "180+2"]
[Date "2023.04.18"]
[WhiteClock "0:01:00"]
[BlackClock "0:01:15"]

1. e4 e6 2. d4 d5 3. Nd2 Nf6 4. e5 Nfd7 5. Bd3 c5 6. c3 Nc6 7. Ngf3 Be7 8. O-O Qb6 9. dxc5 Nxc5 10. Bc2 f6 11. exf6 Bxf6 12. Re1 O-O 13. Nf1 Qc7 14. Ne3 Ne5 15. Nxe5 Bxe5 16. Ng4 Bf4 17. Bxf4 Qxf4 18. g3 Qc7 19. Qd4 b6 20. Re5 Bd7 21. Rh5 Rf5 22. Bxf5 exf5 23. Qxd5+ Kh8 24. Qxa8+ 1-0


[Site "https://www.chess.com"]

[Event "Titled Tuesday Blitz April 18 Early 2023"]
[White "Seder, Mohammed"]
[Black "Omelja, Artem"]
[WhiteFideId "11505567"]
[BlackFideId "14119846"]
[WhiteElo "1862"]
[BlackElo "2404"]
[Result "1-0"]
[Round "07"]
[TimeControl "180+2"]
[Date "2023.04.18"]
[WhiteClock "0:00:10"]
[BlackClock "0:00:11"]

1. e4 c5 2. Nf3 e6 3. d4 cxd4 4. Nxd4 Nf6 5. Bd3 Nc6 6. Be3 d5 7. exd5 Nxd5 8. Nxc6 bxc6 9. Bd2 Be7 10. O-O Bf6 11. c3 O-O 12. Qc2 g6 13. c4 Ne7 14. Bc3 Nf5 15. Bxf5 gxf5 16. Rd1 Qe7 17. Bxf6 Qxf6 18. Qc3 e5 19. c5 Re8 20. Nd2 Be6 21. Nc4 Bd5 22. Re1 Qg7 23. g3 f6 24. Nd6 Qg4 25. Nxe8 Rxe8 26. Rad1 Rd8 27. b4 f4 28. b5 Qh3 29. Rxd5 cxd5 30. c6 fxg3 31. Qxg3+ Qxg3+ 32. hxg3 Kf7 33. f3 Ke6 34. Kf2 Rb8 35. a4 Kd6 36. Rc1 d4 37. a5 Kc7 38. Rc5 Rg8 39. Rd5 Rg7 40. g4 Re7 41. a6 Rf7 42. Rd7+ Rxd7 43. cxd7 Kxd7 44. b6 d3 45. Ke3 d2 46. Kxd2 Kc8 47. bxa7 Kc7 48. a8=Q Kb6 49. Qb7+ 1-0


[Site "https://www.chess.com"]

[Event "Titled Tuesday Blitz April 18 Early 2023"]
[White "Prudnykova, Olga"]
[Black "Fiedorek, Michal"]
[WhiteFideId "14121093"]
[BlackFideId "1199528"]
[WhiteElo "2113"]
[BlackElo "2135"]
[Result "1/2-1/2"]
[Round "07"]
[TimeControl "180+2"]
[Date "2023.04.18"]
[WhiteClock "0:01:32"]
[BlackClock "0:00:46"]

1. e4 c5 2. Nf3 Nc6 3. Nc3 g6 4. d4 cxd4 5. Nxd4 Bg7 6. Nb3 Nf6 7. Be2 O-O 8. O-O d6 9. h3 a5 10. a4 Be6 11. Re1 Nd7 12. Nd5 Rc8 13. c3 Bxd5 14. exd5 Nce5 15. Bb5 Nf6 16. Rb1 h5 17. Bg5 Nc4 18. Qd3 Ne5 19. Qd1 Nc4 20. Qd3 Ne5 21. Qd1 1/2-1/2


[Site "https://www.chess.com"]

[Event "Titled Tuesday Blitz April 18 Early 2023"]
[White "Garv Gaur"]
[Black "Prieto Aranguren, Alain"]
[WhiteFideId "45030839"]
[BlackFideId "2268906"]
[WhiteElo "2068"]
[BlackElo "2209"]
[Result "0-1"]
[Round "07"]
[TimeControl "180+2"]
[Date "2023.04.18"]
[WhiteClock "0:00:02"]
[BlackClock "0:00:06"]

1. Nf3 d6 2. c4 e5 3. d3 g6 4. g3 Bg7 5. Bg2 Nf6 6. O-O O-O 7. Nc3 Re8 8. b4 c6 9. Bb2 d5 10. Qb3 e4 11. Ne1 dxc4 12. dxc4 e3 13. f3 a5 14. Rd1 Qe7 15. a3 axb4 16. axb4 Na6 17. Nc2 Be6 18. Ba3 b5 19. Nxe3 bxc4 20. Qb2 Nd5 21. Nexd5 cxd5 22. b5 Nc5 23. Bb4 Qc7 24. Qb1 Qb6 25. Kh1 d4 26. Bxc5 Qxc5 27. Ne4 Qb6 28. Qb4 Bd5 29. Nd6 Rxe2 30. Nxc4 Bxc4 31. Qxc4 Raa2 32. Rg1 d3 33. Qxd3 h5 34. Qd8+ Qxd8 35. Rxd8+ Kh7 36. b6 Rab2 37. Rd6 Bf8 38. Rc6 Bg7 39. Rd6 Bf8 40. Rd7 Bc5 41. Rxf7+ Kg8 42. Rc7 Bxg1 43. b7 Ba7 44. Rc8+ Kg7 45. Rc7+ Kh6 46. f4 Re1+ 47. Bf1 Rxf1# 0-1


[Site "https://www.chess.com"]

[Event "Titled Tuesday Blitz April 18 Early 2023"]
[White "Lehtosaari, Mauri"]
[Black "Blokhin, Sofia"]
[WhiteFideId "501999"]
[BlackFideId "4508190"]
[WhiteElo "2507"]
[BlackElo "1994"]
[Result "1-0"]
[Round "07"]
[TimeControl "180+2"]
[Date "2023.04.18"]
[WhiteClock "0:00:25"]
[BlackClock "0:00:03"]

1. d4 g6 2. Nf3 Bg7 3. Bg5 f5 4. c3 Nf6 5. Bxf6 Bxf6 6. e3 O-O 7. h4 d6 8. h5 g5 9. Qb3+ e6 10. h6 Nc6 11. Nbd2 g4 12. Ng1 g3 13. f3 Bg5 14. f4 Bf6 15. Ne2 Kh8 16. Nf3 Rg8 17. O-O-O a5 18. Rh3 a4 19. Qc2 a3 20. b3 b5 21. b4 Ne7 22. Nxg3 Nd5 23. Qd3 c5 24. dxc5 Nxc3 25. Ng5 Ra7 26. Rd2 d5 27. Nh5 Ne4 28. Nxe4 fxe4 29. Qb3 Bb2+ 30. Rxb2 axb2+ 31. Qxb2+ d4 32. exd4 Qd5 33. Nf6 Qxa2 34. Qxa2 Rxa2 35. Nxg8 Kxg8 36. Bxb5 Rxg2 37. Bc6 Re2 38. b5 e3 39. b6 Rd2 40. Rxe3 Rxd4 41. Rc3 Rb4 42. Kd2 Kf7 43. Ke3 Ke7 44. Be4 Kd8 45. Bxh7 Bb7 46. Bd3 Bc6 47. h7 1-0


[Site "https://www.chess.com"]

[Event "Titled Tuesday Blitz April 18 Early 2023"]
[White "Novikov, Evgenij"]
[Black "Kalajzic, Ivan"]
[WhiteFideId "4125380"]
[BlackFideId "14506378"]
[WhiteElo "2242"]
[BlackElo "2203"]
[Result "1-0"]
[Round "07"]
[TimeControl "180+2"]
[Date "2023.04.18"]
[WhiteClock "0:00:06"]
[BlackClock "0:00:26"]

1. d4 Nc6 2. d5 Ne5 3. Nf3 Nxf3+ 4. exf3 e6 5. Bc4 exd5 6. Qxd5 Qe7+ 7. Be3 Nf6 8. Qd2 c6 9. Nc3 d5 10. Be2 g6 11. O-O-O Bg7 12. Rhe1 O-O 13. Bh6 Be6 14. Bd3 Qb4 15. Bxg7 Kxg7 16. Kb1 Rfe8 17. a3 Qd6 18. h4 h6 19. Ne2 Bd7 20. g3 Re7 21. Nf4 Rae8 22. Rxe7 Rxe7 23. Qc3 Qe5 24. Qa5 a6 25. Ng2 Qd6 26. Qc3 Qe5 27. Qb4 b5 28. a4 Qc7 29. a5 Bc8 30. Ne3 Ne8 31. Qd4+ Qe5 32. Qxe5+ Rxe5 33. f4 Re7 34. b4 Nd6 35. c3 Bg4 36. Nxg4 f6 37. Ne3 h5 38. Kc1 Kf7 39. Nc2 Rc7 40. Be2 c5 41. Rxd5 Ne4 42. bxc5 Nxc5 43. Rxc5 Rxc5 44. Kb2 g5 45. fxg5 fxg5 46. Bxh5+ Kf6 47. Be2 gxh4 48. gxh4 Rf5 49. f3 Rf4 50. Nb4 Rxh4 51. Kb3 Rh2 52. Bd3 Ke5 53. Nxa6 Kd6 54. Bxb5 Rh1 55. Bd3 Rd1 56. Be4 Ra1 57. Kb4 Rb1+ 58. Bxb1 Kd7 59. Be4 Kc8 60. Nc5 Kb8 61. f4 Ka7 62. f5 Kb8 63. f6 Ka7 64. f7 Kb8 65. f8=Q+ Kc7 66. Qe7+ Kb8 67. Qb7# 1-0


[Site "https://www.chess.com"]

[Event "Titled Tuesday Blitz April 18 Early 2023"]
[White "Torres Hernandez, Leslie Carolin"]
[Black "Chernomordik, Pavel"]
[WhiteFideId "8400504"]
[BlackFideId "2804530"]
[WhiteElo "1920"]
[BlackElo "2193"]
[Result "0-1"]
[Round "07"]
[TimeControl "180+2"]
[Date "2023.04.18"]
[WhiteClock "0:02:24"]
[BlackClock "0:02:29"]

1. e4 g6 2. d4 Bg7 3. Nc3 d6 4. Be3 a6 5. h3 b5 6. a4 b4 7. Nce2 Nf6 8. Ng3 Nbd7 9. f4 Bb7 10. Bd3 c5 11. e5 Nd5 12. Qd2 Nxe3 13. Qxe3 cxd4 14. Qxd4 dxe5 15. fxe5 Nxe5 16. Qxd8+ Rxd8 0-1


[Site "https://www.chess.com"]

[Event "Titled Tuesday Blitz April 18 Early 2023"]
[White "Grot, Blazej"]
[Black "Sailer, Mike"]
[WhiteFideId "21835845"]
[BlackFideId "2012901"]
[WhiteElo "1823"]
[BlackElo "2109"]
[Result "1-0"]
[Round "07"]
[TimeControl "180+2"]
[Date "2023.04.18"]
[WhiteClock "0:01:27"]
[BlackClock "0:00:19"]

1. e4 d5 2. exd5 Qxd5 3. Nc3 Qd6 4. Nf3 Nf6 5. d4 c6 6. g3 Bf5 7. Bg2 e6 8. O-O Be7 9. Nh4 Bg4 10. Ne4 Nxe4 11. Qxg4 f5 12. Qh5+ Kd8 13. Ng6 Nf6 14. Nxh8 Nxh5 15. Nf7+ Kd7 16. Nxd6 Bxd6 17. c3 Na6 18. a4 Nc7 19. b4 Nd5 20. Bd2 Nhf6 21. b5 c5 22. dxc5 Bxc5 23. c4 Ne7 24. Bxb7 Rb8 25. Bg2 Ng4 26. h3 Ne5 27. Bc3 Nxc4 28. Bxg7 Nd5 29. Rac1 1-0


[Site "https://www.chess.com"]